 Dungeon Crawl Stone Soup version 0.21.1-1-g345015f (webtiles) character file.

101 Mirai the Magician (level 4, 0/24 HPs)
             Began as a Deep Elf Conjurer on Mar 23, 2018.
             Succumbed to an adder's poison
             ... on level 3 of the Dungeon.
             The game lasted 00:06:04 (1876 turns).

Mirai the Magician (Deep Elf Conjurer)              Turns: 1876, Time: 00:06:05

Health: 0/24       AC:  2    Str:  4 (5)  XL:     4   Next: 48%
Magic:  12/14      EV: 13    Int: 19 (21) God:
Gold:   55         SH:  0    Dex: 16 (17) Spells: 15/16 levels left

rFire    . . .     SeeInvis .   k - +1 short sword
rCold    . . .     Gourm    .   (no shield)
rNeg     . . .     Faith    .   a - +0 robe
rPois    .         Spirit   .   (no helmet)
rElec    .         Reflect  .   (no cloak)
rCorr    .         Harm     .   (no gloves)
MR       .....                  (no boots)
Stlth    ++........             (no amulet)
HPRegen  0.08/turn              m - +2 ring of dexterity
MPRegen  0.14/turn              (no ring)

@: lethally poisoned (0 -> -2), about to teleport
A: no striking features
a: no special abilities


You were on level 3 of the Dungeon.
You were hungry.

You visited 1 branch of the dungeon, and saw 3 of its levels.

You collected 55 gold pieces.

Inventory:

Hand Weapons
 i - a +0 dagger
 k - a +1 short sword (weapon)
 q - a +0 dagger
Armour
 a - a +0 robe (worn)
Jewellery
 m - a +2 ring of dexterity (left hand)
Scrolls
 l - a scroll of enchant weapon
 n - 3 scrolls of identify {unknown}
Books
 b - a book of Conjurations

   Spells                             Type                      Level
   a - Magic Dart                     Conjuration                  1
   b - Searing Ray                    Conjuration                  2
   c - Dazzling Spray                 Conjuration/Hexes            3
   d - Fulminant Prism                Conjuration/Hexes            4
   e - Force Lance                    Conjuration/Translocation    4
   f - Iskenderun's Mystic Blast      Conjuration                  4
Comestibles
 c - 7 rations


   Skills:
 - Level 2.4 Dodging
 - Level 2.4 Stealth
 + Level 6.5 Spellcasting
 - Level 4.3 Conjurations


You had 15 spell levels left.
You knew the following spells:

 Your Spells              Type           Power        Failure   Level  Hunger
a - Magic Dart            Conj           ###.         1%          1    None


Dungeon Overview and Level Annotations

Branches:
Dungeon (3/15)

Altars:
Dithmenos
Yredelemnul

Annotations:
D:3 Grinder


Message History

As you read the scroll labeled AGIALL WOKE, it crumbles to dust.
The creatures around you are filled with an inner flame!
It was a scroll of immolation.
Grinder blinks!
As you read the scroll labeled ATRUNA QASHRUZUS, it crumbles to dust.
You hear a loud clanging noise!
It was a scroll of noise.
You feel sick.
You hear a shout! x3
As you read the scroll labeled KOUGRE DUREAF, it crumbles to dust.
You feel blessed for a moment.
It was a scroll of remove curse.
Grinder barely misses you.
As you read the scroll labeled BOEMALL LURHOA, it crumbles to dust.
It is a scroll of enchant weapon.
Your +0 short sword glows red for a moment.
Grinder hits you.
* * * LOW HITPOINT WARNING * * *
Unknown command.
As you read the scroll labeled XOTENO ZUXTI, it crumbles to dust.
You feel strangely unstable.
It was a scroll of teleportation.
Grinder barely misses you.
You die...

.......###.........#####
.......# #####.#####
.......# #####.#
.......###...#.###
.................#
........#.#....#.#
##.###.......###5#
...####.#.#..# #.#
#............# #@#
#>#####..###.# #.# ##.#
#.# #.# #.###.###.#
#.....5...# #####.#####
#.####### #....)..#
#######.#


You could see Grinder (inner flame).

Vanquished Creatures
  5 adders
  A worm (D:2)
  4 dart slugs
  2 bats
  4 giant cockroaches
  5 goblins
  6 hobgoblins
  4 jackals (D:2)
  6 kobolds
  A quokka (D:2)
  2 frilled lizards
  7 rats
47 creatures vanquished.

Notes
Turn   | Place    | Note
-------+----------+-------------------------------------------
     0 | D:1      | Mirai the Deep Elf Conjurer began the quest for the Orb.
     0 | D:1      | Reached XP level 1. HP: 10/10 MP: 6/6
   250 | D:1      | Reached skill level 4 in Spellcasting
   250 | D:1      | Reached XP level 2. HP: 15/15 MP: 3/9
   707 | D:2      | Found a shadowy altar of Dithmenos.
   709 | D:2      | Found a basalt altar of Yredelemnul.
   784 | D:2      | Reached skill level 5 in Spellcasting
   784 | D:2      | Reached XP level 3. HP: 9/19 MP: 4/11
  1271 | D:2      | Reached XP level 4. HP: 23/24 MP: 2/13
  1295 | D:2      | Reached skill level 6 in Spellcasting
  1844 | D:3      | Noticed Grinder
  1874 | D:3      | HP: 1/24 [Grinder (3)]
  1876 | D:3      | Succumbed to an adder's poison

Skill      XL: |  1  2  3  4 |
---------------+-------------+-----
Spellcasting   | 4 5 6 |  6.5
Dodging        | |  2.4
Stealth        | |  2.4
Conjurations   | |  4.3

Action                   |  1- 3 |  4- 6 || total
-------------------------+-------+-------++-------
 Cast: Magic Dart        |    80 |    27 ||   107
  Use: Scroll            |       |     6 ||     6
       Potion            |       |     3 ||     3
  Eat: Chunk             |     1 |     1 ||     2
Armor: Robe              |     3 |     1 ||     4
Dodge: Dodged            |    24 |     6 ||    30
